Map: Taito Citadel LE

Players

BratOK (Brat_OK) - Winner!

  • Race: Terran Terran
  • League: Grandmaster
  • Spawn Location: 11:00

sebesdes

  • Race: Zerg Zerg
  • League: Grandmaster
  • Spawn Location: 5:00

VOD

Have the link to the VOD?

Description

Time

  • Played on: Dec. 28, 2025, 1:29 p.m.
  • Length: 3:50
Show
View Real Time Build Order
Export as new Build Order

BratOK Terran - Winner!

Build Orders: Reaper Expand 

Get SALT Encoding   

  12  0:00  SCV  
  13  0:12  SCV  
  14  0:17  Supply Depot  
  14  0:24  SCV  
  15  0:39  SCV  
  15  0:40  Barracks  
  16  0:44  Refinery  
  16  0:51  SCV  
  17  1:03  SCV  
  18  1:15  SCV  
  19  1:27  Reaper, Orbital Command  
  20  1:47  Command Center  
  20  1:55  SCV  
  20  1:56  Supply Depot  
  20  1:59  Marine  
  22  2:04  Factory  
  22  2:10  Bunker  
  22  2:17  SCV  
  22  2:18  Marine  
  24  2:29  SCV  
  25  2:36  Marine  
  26  2:37  Refinery  
  26  2:38  Bunker  
  26  2:50  Supply Depot  
  26  2:51  SCV  
  27  2:55  Marine  
  28  3:01  Orbital Command  
  28  3:04  Hellion  
  28  3:20  Marine  
Show
View Real Time Build Order
Export as new Build Order

sebesdes Zerg 

Build Orders: Hatch First 

Get SALT Encoding   

  12  0:00  Drone  
  13  0:08  Drone  
  14  0:42  Hatchery  
  13  0:47  Spawning Pool  
  12  0:51  Drone  
  12  0:56  Drone  
  14  1:00  Extractor  
  14  1:02  Drone  
  15  1:09  Overlord  
  15  1:35  Zergling x2  
  15  1:36  Zergling x4  
  18  1:50  Zergling x2  
  18  1:53  Queen  
  21  1:54  Zergling x2  
  21  1:57  Spine Crawler  
  21  2:02  Spine Crawler  
  21  2:03  Zergling x2  
  22  2:10  Spine Crawler  
  22  2:11  Zergling x2  
  22  2:16  Zergling x2  
  22  2:20  Spine Crawler  
  23  2:33  Zergling x6  
  26  2:45  Zergling x4  
  26  2:47  Overlord  
  28  3:05  Queen  
  29  3:12  Zergling x4  
  28  3:18  Zergling x2  
  25  3:24  Zergling x4  
Tags
 
Add a new tag
Caveats
  • Supply blocks, unpowered buildings, or Contaminate may cause inaccurate times.
  • Supply counts are checked every 10 seconds.